 Dungeon Crawl Stone Soup version 0.21-a0-221-gfe971b9 (webtiles) character file.

14 tehllama the Insei (level 2, -2/18 HPs)
             Began as an Octopode Transmuter on Aug 26, 2017.
             Hit by a goblin thrown by Robin (3 damage)
             ... on level 2 of the Dungeon.
             The game lasted 00:00:46 (729 turns).

tehllama the Insei (Octopode Transmuter)             Turns: 729, Time: 00:00:47

Health: -2/18      AC:  1    Str:  9    XL:     2   Next: 41%
Magic:  5/5        EV: 13    Int: 15    God:
Gold:   22         SH:  0    Dex: 12    Spells: 4/5 levels left

rFire    . . .     SeeInvis .     - Unarmed
rCold    . . .     Gourm    .   (no shield)
rNeg     . . .     Faith    .   (helmet restricted)
rPois    .         Spirit   .   (no amulet)
rElec    .         Reflect  .   (no ring)
rCorr    .         Harm     .   (no ring)
MR       .....                  (no ring)
Stlth    ++........             (no ring)
HPRegen  0.06/turn              (no ring)
MPRegen  0.09/turn              (no ring)
                                (no ring)
                                (no ring)

@: no status effects
A: almost no armour, stealthy swim, amphibious, 8 rings, constrict 8, camouflage
1, gelatinous body 1
a: no special abilities


You were on level 2 of the Dungeon.
You were not hungry.

You visited 1 branch of the dungeon, and saw 2 of its levels.

You collected 22 gold pieces.

Inventory:

Missiles
 a - 28 arrows
Jewellery
 e - an uncursed ring of see invisible {unknown}
Scrolls
 d - a scroll of noise {unknown}
 g - a scroll of teleportation {unknown}
Books
 b - a book of Changes

   Spells                             Type                      Level
   a - Beastly Appendage              Transmutation                1
   b - Sticks to Snakes               Transmutation                2
   c - Spider Form                    Transmutation/Poison         3
   d - Ice Form                       Ice/Transmutation            4
   e - Blade Hands                    Transmutation                5
Comestibles
 c - a bread ration
 f - a chunk of flesh


   Skills:
 - Level 1.0 Fighting
 - Level 2.0 Dodging
 + Level 3.7 Unarmed Combat
 - Level 2.0 Spellcasting
 - Level 2.0 Transmutations


You had 4 spell levels left.
You knew the following spells:

 Your Spells              Type           Power        Failure   Level  Hunger
a - Beastly Appendage     Tmut           #.....       10%         1    #......


Dungeon Overview and Level Annotations

Branches:
Dungeon (2/15)

Altars:

Annotations:
D:2 Robin


Innate Abilities, Weirdness & Mutations

You cannot wear most types of armour.
You are very stealthy in the water. (Stealth+)
You are amphibious.
You can wear up to eight rings at the same time.
You can use your tentacles to constrict eight enemies at once.
Your skin changes colour to match your surroundings (Stealth+).
Your rubbery body absorbs attacks. (AC +1, EV +1)


Message History

You tentacle-slap the hobgoblin.
You kill the hobgoblin!
The goblin misses you. The goblin barely misses you.
The goblin wields a hunting sling.
The goblin shoots a sling bullet.
The sling bullet hits you. The goblin closely misses you.
You tentacle-slap the goblin but do no damage.
You grab the goblin. You tentacle-slap the goblin.
You kill the goblin!
The goblin hits you with a dagger. The goblin closely misses you.
The goblin hits you with a club.
* * * LOW HITPOINT WARNING * * *
Robin roars a battlecry!
The goblins go into a battle-frenzy!
You are too injured to fight recklessly!
The goblin barely misses you. Robin throws the goblin at you!
* * * LOW HITPOINT WARNING * * *
The goblin barely misses you. Robin throws the goblin at you!
You die...

.......... ..........
##........##
#..........# ###
#..........#
#..###..........#
#....gg†g.......#
#.#...@.gg......#
###.....#........# .
#.......##..g...## ..
...#.#.#######...###...
#....## #..gl......
####....# #g.......#.
#.<...#.# #.)(.......
#......##.# #.)†.......
#....##.# .#
#...........


You could see Robin, 6 goblins and a frilled lizard.

Vanquished Creatures
  4 hobgoblins
  3 bats
  4 goblins
  A kobold (D:1)
  2 rats (D:1)
14 creatures vanquished.

Notes
Turn   | Place    | Note
-------+----------+-------------------------------------------
     0 | D:1      | tehllama the Octopode Transmuter began the quest for the Orb.
     0 | D:1      | Reached XP level 1. HP: 13/13 MP: 3/3
   646 | D:1      | Reached XP level 2. HP: 17/18 MP: 5/5
   714 | D:2      | Noticed Robin
   729 | D:2      | Hit by a goblin thrown by Robin

Vault maps used:
D:1:      scummos_arrival_hexagon
D:2:      uniq_robin

Action                   || total
-------------------------++-------
Melee: Unarmed           ||    30
       Constrict         ||     8
       Tentacles         ||     4
       Punch             ||     1
 Stab: Sleeping          ||     2
       Distracted        ||     1
Armor: Skin              ||     4
Dodge: Dodged            ||    35

Table legend:
 A = Spawn XP
 B = Non-spawn XP
 C = Spawn XP percentage of total XP
 D = Spawn monster count
 E = Non-spawn monster count
 F = Spawn count percentage of total count
 G = Total turns spent on level
                    A         B        C        D         E        F      G
               +---------+---------+-------+---------+---------+-------+---------
         Total |       1 |      19 |   5.0 |       1 |      13 |   7.1 |   729
               +---------+---------+-------+---------+---------+-------+---------
           D:1 |       1 |       9 |  10.0 |       1 |       7 |  12.5 |   695
           D:2 |       0 |      10 |   0.0 |       0 |       6 |   0.0 |    34
               +---------+---------+-------+---------+---------+-------+---------
